 Dungeon Crawl Stone Soup version 0.26.1-10-gdfb7c7de75 (webtiles) character file.

Game seed: 17845125931903594136

30 nightchill the Slasher (level 3, -6/27 HPs)
             Began as a Vampire Gladiator on Apr 5, 2021.
             Mangled by a gnoll
             ... wielding a +0 flail
              (8 damage)
             ... on level 1 of the Dungeon.
             The game lasted 00:00:52 (557 turns).

nightchill the Slasher (Vampire Gladiator)           Turns: 557, Time: 00:00:53

Health: -6/27      AC:  4    Str: 13    XL:     3   Next: 3%
Magic:  3/3        EV: 13    Int: 11    God:
Gold:   47         SH:  0    Dex: 15    Spells: 2/2 levels left

rFire    . . .     SeeInvis +   a - +0 long sword
rCold    . . .     Faith    .   (no shield)
rNeg     . . .     Spirit   .   b - +0 leather armour
rPois    .         Reflect  .   c - +0 helmet
rElec    .         Harm     .   (no cloak)
rCorr    .         Rampage  .   (no gloves)
Will     .....                  (no boots)
Stlth    +.........             (no amulet)
HPRegen  0.29/turn              (no ring)
MPRegen  0.08/turn              (no ring)

@: regenerating quickly
A: fangs 3, see invisible, unbreathing
a: Exsanguinate


You were on level 1 of the Dungeon.
You visited 1 branch of the dungeon, and saw 2 of its levels.

You collected 47 gold pieces.

Inventory:

Hand Weapons
 a - a +0 long sword (weapon)
Missiles
 d - 3 throwing nets (quivered)
Armour
 b - a +0 leather armour (worn)
 c - a +0 helmet (worn)
Jewellery
 k - a +4 ring of evasion {unknown}
Scrolls
 f - 2 scrolls of identify {unknown}
 g - a scroll of random uselessness {unknown}
 j - a scroll of remove curse {unknown}
Potions
 e - 2 potions of invisibility {unknown}
 h - a potion of heal wounds {unknown}
 i - 2 potions of mutation {unknown}


   Skills:
 + Level 2.3 Fighting
 * Level 3.9 Long Blades
 - Level 1.5 Throwing
 - Level 3.2 Dodging


You had 2 spell levels left.
You didn't know any spells.
Your spell library was empty.

Dungeon Overview and Level Annotations

Branches:
Dungeon (2/15)

Altars:


Innate Abilities, Weirdness & Mutations

Your natural rate of healing is unusually fast.
You have razor-sharp teeth.
You have supernaturally acute eyesight. (SInv)
You can survive without breathing.


Message History

There is a stone staircase leading down here.
You are too injured to fight recklessly!
You are too injured to fight recklessly!
You are too injured to fight recklessly!
You hit the gnoll but do no damage. The gnoll hits you but does no damage.
You completely miss the gnoll. You bite the gnoll, but do no damage.
The gnoll hits you with a +0 flail!
* * * LOW HITPOINT WARNING * * *
You hit the gnoll.
The gnoll is moderately wounded.
The gnoll hits you with a +0 flail.
* * * LOW HITPOINT WARNING * * *
You hit the gnoll. Your bite misses the gnoll.
The gnoll is severely wounded.
The gnoll hits you with a +0 flail.
* * * LOW HITPOINT WARNING * * *
You barely miss the gnoll.
The gnoll is severely wounded.
The gnoll hits you with a +0 flail!
You die...

#..รท..##.#### #..)..#
###'#####.# #.###.#
..........###########.# #.#
..........'...........#
#.####
..........#############
#....# .##################
##.### .# #...(......# #.#
########.......g..########.#
.......'........@..........#
###.####..........##########
#.##..........###
###'##.########.# #......#
#....#.# #......###.##.#.#
#..(..........#.#
#.....#####.###.# ###.###
#.....#.#######


You could see a gnoll.

Vanquished Creatures
  A gnoll (D:2)
  An ooze (D:1)
  A dart slug (D:1)
  2 bats (D:1)
  A goblin (D:1)
  4 hobgoblins (D:1)
  A kobold (D:1)
  A ball python (D:1)
  A frilled lizard (D:1)
  2 rats (D:1)
15 creatures vanquished.

Notes
Turn   | Place    | Note
-------+----------+-------------------------------------------
     0 | D:1      | nightchill the Vampire Gladiator began the quest for the
                  | Orb.
     0 | D:1      | Reached XP level 1. HP: 16/16 MP: 1/1
   231 | D:1      | Reached XP level 2. HP: 16/22 MP: 2/2
   547 | D:2      | Noticed a gnoll sergeant
   550 | D:2      | Reached XP level 3. HP: 27/27 MP: 3/3
   557 | D:1      | Mangled by a gnoll

Illustrated notes

Levels and vault maps discovered:
D:1:      lightli_arrival_windingriver, layout_basic
D:2:      layout_basic, kennysheep_cross_room

Skill      XL: |  1 |
---------------+----+-----
Fighting       | 2 |  2.3
Long Blades    | |  3.9
Throwing       | |  1.5
Dodging        | |  3.2

Action                   || total
-------------------------++-------
Melee: Long sword        ||    43
       Bite              ||     7
Armor: Leather armour    ||     9
Dodge: Dodged            ||    37
       Rpst.: Long sword ||    11
